 Dungeon Crawl Stone Soup version 0.31.0-11-ge490571c62 (webtiles) character file.

Game seed: 5976583599202380326

229 qw the Shooter (level 5, -2/27 HPs)
             Began as a Spriggan Hunter on Feb 3, 2024.
             Slain by a black bear (4 damage)
             ... on level 4 of the Dungeon.
             The game lasted 00:00:39 (1948 turns).

qw the Shooter (Spriggan Hunter)                    Turns: 1948, Time: 00:00:40

Health: -2/27      AC:  2    Str:  7    XL:     5   Next: 71%
Magic:  6/6        EV: 20    Int: 11    God:
Gold:   194        SH:  0    Dex: 20    Spells: 4/4 levels left

rFire   + . .        a - +0 shortbow
rCold   . . .        (shield currently unavailable)
rNeg    + . .        c - +0 robe
rPois   .            (helmet restricted)
rElec   .            (no cloak)
rCorr   .            (gloves unavailable)
SInv    +            (boots unavailable)
Will    .....        (no amulet)
Stlth   ++           h - ring of protection from fire
HPRegen 0.24/turn    b - ring of positive energy
MPRegen 0.10/turn

%: no passive effects
@: about to teleport, very quick
A: very small, no large weapons, unfitting armour, see invisible, speed 3
a: no special abilities


You were on level 4 of the Dungeon.
You visited 1 branch of the dungeon, and saw 4 of its levels.

You collected 194 gold pieces.


Innate Abilities, Weirdness & Mutations

You are very small and have problems with some larger weapons.
You are too small for most types of armour.
You have supernaturally acute eyesight. (SInv)
You cover ground extremely quickly. (Speed+++)


   Skills:
 - Level 2.6 Fighting
 + Level 5.4 Ranged Weapons
 - Level 5.3 Dodging
 - Level 1.5 Stealth


You had 4 spell levels left.
You didn't know any spells.
Your spell library was empty.

Inventory:

Hand Weapons
 a - a +0 shortbow (weapon)
Armour
 c - a +0 robe (worn)
Jewellery
 b - a ring of positive energy (right hand)
 h - a ring of protection from fire (left hand)
 j - a ring of fire
Scrolls
 e - a scroll of teleportation
Potions
 d - 2 potions of curing
 f - a potion of magic {unknown}
 g - a potion of ambrosia {unknown}
 i - a potion of haste {unknown}
 k - a potion of degeneration {unknown}
 l - a potion of cancellation {unknown}

Dungeon Overview and Level Annotations

Branches:
Dungeon (4/15)
 Temple: D:4-7

Altars:

Shops:
D:4 [


Message History

Found 3 stones.
You now have 194 gold pieces (gained 13).
l - a murky silvery potion
There is an entrance to Befutrur's Antique Armour Shop here.
A black bear comes into view.
Found 16 gold pieces.
The black bear growls angrily.
You shoot an arrow. The arrow hits the black bear!
The black bear is moderately wounded.
You shoot an arrow.
The arrow hits the black bear but does no damage.
The black bear is moderately wounded.
You shoot an arrow.
The arrow hits the black bear but does no damage.
The black bear is moderately wounded.
The black bear barely misses you. The black bear misses you. x2
You shoot an arrow.
The arrow closely misses the black bear.
The black bear misses you. x2; The black bear claws you.
The black bear bites you. The black bear closely misses you.
The black bear claws you.
You shoot an arrow.
The arrow hits the black bear but does no damage.
The black bear is moderately wounded.
The black bear barely misses you.
The black bear claws you but does no damage.
The black bear barely misses you.
You shoot an arrow. The arrow barely misses the black bear.
The black bear bites you! The black bear misses you. The black bear claws you.
1946 ||| READING 2 scrolls of teleportation.
As you read the scroll of teleportation, it crumbles to dust.
You feel strangely unstable. The black bear completely misses you.
The black bear barely misses you. x2
You shoot an arrow. The arrow barely misses the black bear.
The black bear completely misses you. The black bear barely misses you.
The black bear closely misses you.
You shoot an arrow. The arrow hits the black bear.
The black bear is moderately wounded.
The black bear bites you. The black bear claws you.
You die...

#####
#...#
#...###
#.....#
####...#.#
#.h@..\..#
#
#.##.\\\.#
.#. $.
#..\.##
..##
#...## ...
#.### #..
#.#
#.###.#
#...#.#
##...#


You could see a black bear.

Vanquished Creatures
  A scorpion (D:3)
  An iguana (D:3)
  Natasha (thrice) (D:2)
  An adder (D:3)
  3 dart slugs
  An orc (D:3)
  10 endoplasms
  A giant cockroach (D:2)
  4 goblins
  5 hobgoblins
  A quokka (D:1)
  6 ball pythons
  5 bats
  2 frilled lizards
  5 kobolds
  5 rats
54 creatures vanquished.

Notes
Turn   | Place    | Note
-------+----------+-------------------------------------------
     0 | D:1      | qw the Spriggan Hunter began the quest for the Orb.
     0 | D:1      | Reached XP level 1. HP: 10/10 MP: 2/2
     0 | D:1      | 0 ||| qw: Version: 0.3-a-155-g5e7d8dd
     0 | D:1      | 0 ||| qw: Game counter: 3432
     0 | D:1      | 0 ||| qw: Melee chars always use a shield: true
     0 | D:1      | 0 ||| qw: God list: Okawaru
     0 | D:1      | 0 ||| qw: Allow faded altars: false
     0 | D:1      | 0 ||| qw: Do Orc after clearing Dungeon:15 true
     0 | D:1      | 0 ||| qw: Do second Lair branch before Depths: true
     0 | D:1      | 0 ||| qw: Lair rune preference: random
     0 | D:1      | 0 ||| qw: Goals: Normal
     0 | D:1      | 0 ||| PLANNING D:1-11
    22 | D:1      | Reached skill level 3 in Dodging
   107 | D:1      | Reached XP level 2. HP: 14/14 MP: 3/3
   386 | D:1      | 386 ||| UPGRADING to ring of protection from fire.
   387 | D:1      | 387 ||| READING scroll labelled ZILOEXYRESS.
   488 | D:1      | 488 ||| READING scroll labelled ILUSULE QAYR.
   491 | D:1      | 491 ||| DROPPING scroll of butterflies.
   634 | D:2      | Reached XP level 3. HP: 15/18 MP: 4/4
   702 | D:2      | Noticed Natasha
   704 | D:2      | Killed Natasha
   804 | D:2      | Noticed Natasha
   811 | D:2      | Killed Natasha
   812 | D:2      | Reached XP level 4. HP: 22/22 MP: 5/5
   871 | D:2      | Noticed Natasha
   877 | D:2      | 877 ||| RETREEEEATING.
   878 | D:2      | 878 ||| RETREEEEATING.
   879 | D:2      | 879 ||| RETREEEEATING.
   880 | D:2      | 880 ||| RETREEEEATING.
   881 | D:2      | Killed Natasha
  1264 | D:2      | 1264 ||| READING scroll labelled WEPYRI KITO.
  1264 | D:2      | 1264 ||| IDENTIFYING viscous silvery potion
  1265 | D:2      | 1265 ||| READING scroll labelled XUNGUDD XONO.
  1275 | D:3      | Noticed a scorpion
  1279 | D:3      | Killed a scorpion
  1280 | D:3      | Reached XP level 5. HP: 27/27 MP: 6/6
  1290 | D:3      | Found a faded altar of an unknown god.
  1875 | D:3      | 1875 ||| UPGRADING to ring of positive energy.
  1931 | D:4      | Found Befutrur's Antique Armour Shop.
  1939 | D:4      | Noticed a black bear
  1945 | D:4      | HP: 6/27 [black bear (1)]
  1946 | D:4      | 1946 ||| READING 2 scrolls of teleportation.
  1948 | D:4      | HP: 2/27 [black bear (4)]
  1948 | D:4      | Slain by a black bear

Levels and vault maps discovered:
D:1:      minmay_arrival_up_and_down, layout_rooms, minmay_misc_feat_doors,
          interstate_on_off
D:2:      layout_basic, uniq_natasha
D:3:      layout_loops_ring, basic_ecumenical_altar
D:4:      layout_rooms, serial_shops, nicolae_shop_dealshenge

Skill      XL: |  1  2  3  4 |
---------------+-------------+-----
Dodging        | 3 4 5 |  5.3
Ranged Weapons | 5 |  5.4
Fighting       | 2 |  2.6
Stealth        | |  1.5

Action                     |  1- 3 |  4- 6 || total
---------------------------+-------+-------++-------
   Fire: Shortbow          |    94 |    58 ||   152
    Use: Scroll            |     2 |     3 ||     5
 Armour: Robe              |     7 |    10 ||    17
  Dodge: Dodged            |    30 |    29 ||    59

Table legend:
 A = Non-vault XP
 B = Vault XP
 C = Vault XP percentage of total XP
 D = Non-vault monster count
 E = Vault monster count
 F = Vault count percentage of total count
                 A         B        C        D         E       F
            +---------+---------+-------+---------+---------+-------
      Total |     293 |      35 |  10.7 |      53 |       1 |   1.9
            +---------+---------+-------+---------+---------+-------
        D:1 |      31 |       0 |   0.0 |      18 |       0 |   0.0
        D:2 |     106 |      35 |  24.8 |      24 |       1 |   4.0
        D:3 |     154 |       0 |   0.0 |      10 |       0 |   0.0
        D:4 |       2 |       0 |   0.0 |       1 |       0 |   0.0
            +---------+---------+-------+---------+---------+-------
